 Dungeon Crawl Stone Soup version 0.22-a0-294-ge3b9353 (webtiles) character file.

394 JeffiDaFish the Magician (level 6, -2/45 HPs)
             Began as a Draconian Fire Elementalist on Mar 25, 2018.
             Was an Initiate of Vehumet.
             Slain by a centaur (10 damage)
             ... on level 5 of the Dungeon.
             The game lasted 00:06:58 (3868 turns).

JeffiDaFish the Magician (DrFE)                     Turns: 3868, Time: 00:06:59

Health: -2/45      AC:  6    Str: 10    XL:     6   Next: 51%
Magic:  9/13       EV: 12    Int: 18    God:    Vehumet [......]
Gold:   184        SH:  0    Dex: 11    Spells: 3/14 levels left

rFire    . . .     SeeInvis .   c - +0 spear
rCold    + . .     Gourm    .   (no shield)
rNeg     . . .     Faith    .   (armour unavailable)
rPois    .         Spirit   .   (helmet restricted)
rElec    .         Reflect  .   (no cloak)
rCorr    .         Harm     .   (no gloves)
MR       .....                  (no boots)
Stlth    ++........             (no amulet)
HPRegen  0.15/turn              (no ring)
MPRegen  0.13/turn              (no ring)

@: no status effects
A: unfitting armour, cold resistance 1, wild magic 1, evolution 1, cold-blooded,
AC +6
a: Renounce Religion


You were on level 5 of the Dungeon.
You worshipped Vehumet.
Vehumet was noncommittal.
You were hungry.

You visited 1 branch of the dungeon, and saw 5 of its levels.

You collected 184 gold pieces.

Inventory:

Hand Weapons
 c - a +0 spear (weapon)
Scrolls
 a - 2 scrolls of magic mapping
 d - 3 scrolls of remove curse
 h - a scroll of identify
 k - a scroll of teleportation
Potions
 e - a potion of haste
 f - a potion of curing
 g - a potion of might
 i - a potion of heal wounds
 j - a potion of cancellation
Comestibles
 b - 7 rations


   Skills:
 - Level 1.7 Dodging
 - Level 1.7 Stealth
 * Level 4.7 Spellcasting
 + Level 3.3 Conjurations
 + Level 4.5 Fire Magic


You had 3 spell levels left.
You knew the following spells:

 Your Spells              Type           Power        Failure   Level  Hunger
a - Flame Tongue          Conj/Fire      ###..        4%          1    None
b - Inner Flame           Hex/Fire       ###.....     22%         3    ###....
c - Sticky Flame          Conj/Fire      ###.....     34%         4    ####...
d - Conjure Flame         Conj/Fire      ###.....     13%         3    ###....


Dungeon Overview and Level Annotations

Branches:
Dungeon (5/15)
 Temple: D:4-7

Altars:
Elyvilon
Gozag
Kikubaaqudgha
Vehumet
Yredelemnul


Innate Abilities, Weirdness & Mutations

Your plain brown scales are hard. (AC +6)
You cannot fit into any form of body armour.
You are cold-blooded and may be slowed by cold attacks.
Your flesh is cold resistant. (rC+)
Your spells are a little harder to cast, but a little more powerful.
You evolve.


Message History

The centaur is moderately wounded.
The centaur shoots an arrow.
The arrow hits you!
* * * LOW HITPOINT WARNING * * *
Casting: Flame Tongue (safe; 4% risk of failure)
Confirm with . or Enter, or press ? or * to list all spells.
Aiming: Flame Tongue (safe; 4% risk of failure)
Press: ? - help, Shift-Dir - straight line, f/p - centaur
Aim: a centaur, wielding a shortbow (moderately wounded)
The flame tongue hits the centaur.
The centaur is heavily wounded.
The centaur shoots an arrow.
The arrow closely misses you.
Casting: Flame Tongue (safe; 4% risk of failure)
Confirm with . or Enter, or press ? or * to list all spells.
Okay, then.
The centaur shoots an arrow.
The arrow hits you.
* * * LOW HITPOINT WARNING * * *
You see here 3 arrows.
The centaur unwields an uncursed shortbow.
The centaur hits you!
You die...

###..#...#####.#.
#..#...####
#....>......
##.#####.### #.# #.#
#.# #.#
######.#####.#
..........((((#####.#
.######.......@c....#
###############


You could see a centaur.

Vanquished Creatures
  An ogre (D:4)
  2 scorpions (D:4)
  A hound (D:4)
  Terence (D:3)
  A worker ant (D:5)
  4 gnolls
  4 adders
  An ooze (D:2)
  A worm (D:2)
  A leopard gecko (D:1)
  5 orcs
  4 bats
  4 giant cockroaches
  3 hobgoblins
  5 kobolds
  4 quokkas
  6 frilled lizards
  4 goblins
  A quokka skeleton (D:4)
  3 rats
56 creatures vanquished.

Notes
Turn   | Place    | Note
-------+----------+-------------------------------------------
     0 | D:1      | JeffiDaFish the Draconian Fire Elementalist began the quest for the Orb.
     0 | D:1      | Reached XP level 1. HP: 14/14 MP: 3/3
   425 | D:1      | Reached XP level 2. HP: 20/20 MP: 1/5
   447 | D:1      | Gained mutation: You evolve. [potion of mutation]
   447 | D:1      | Gained mutation: Your flesh is cold resistant. (rC+) [potion of mutation]
   447 | D:1      | Gained mutation: Your spells are a little harder to cast, but a little more powerful. [potion of mutation]
   803 | D:2      | Found an opulent altar of Gozag.
   915 | D:2      | Reached XP level 3. HP: 18/26 MP: 0/7
  1009 | D:2      | Learned a level 3 spell: Inner Flame
  1808 | D:3      | Reached XP level 4. HP: 27/33 MP: 0/8
  1972 | D:3      | Found a white marble altar of Elyvilon.
  2146 | D:3      | Found an ancient bone altar of Kikubaaqudgha.
  2147 | D:3      | Found a radiant altar of Vehumet.
  2158 | D:3      | Became a worshipper of Vehumet
  2747 | D:3      | Learned a level 4 spell: Sticky Flame
  2898 | D:3      | Noticed Terence
  2905 | D:3      | Killed Terence
  2905 | D:3      | Reached XP level 5. HP: 35/38 MP: 2/10
  2983 | D:3      | Found a basalt altar of Yredelemnul.
  3064 | D:4      | Noticed an ogre
  3080 | D:4      | Killed an ogre
  3093 | D:4      | Reached XP level 6. HP: 31/45 MP: 4/12
  3690 | D:4      | Learned a level 3 spell: Conjure Flame
  3773 | D:5      | Entered Level 5 of the Dungeon
  3868 | D:5      | Slain by a centaur

Vault maps used:
D:1:      dpeg_arrival_triangle_fractal
D:2:      nicolae_gozag_seed_capital
D:3:      kennysheep_ying_yang, gammafunk_temple_overflow_pools, uniq_terence
D:4:      serial_park_tiny_2
D:5:      marbit_many_paths, kennysheep_little_box, minmay_temple_entry_fiery,
          first_ration

Skill      XL: |  1  2  3  4  5 |
---------------+----------------+-----
Spellcasting   | 3 4 |  4.7
Conjurations   | 2 3 |  3.3
Fire Magic     | 4 |  4.5
Dodging        | |  1.7
Stealth        | |  1.7

Action                   |  1- 3 |  4- 6 || total
-------------------------+-------+-------++-------
Melee: Unarmed           |     6 |       ||     6
       Tailslap          |     3 |     2 ||     5
       Spear             |    35 |    47 ||    82
 Cast: Flame Tongue      |    45 |    60 ||   105
       Conjure Flame     |       |     1 ||     1
       Sticky Flame      |       |     1 ||     1
  Use: Scroll            |     4 |     3 ||     7
       Potion            |     5 |     3 ||     8
 Stab: Sleeping          |     1 |     1 ||     2
  Eat: Chunk             |     3 |     6 ||     9
Armor: Skin              |    16 |     8 ||    24
Dodge: Dodged            |    26 |    51 ||    77

Table legend:
 A = Spawn XP
 B = Non-spawn XP
 C = Spawn XP percentage of total XP
 D = Spawn monster count
 E = Non-spawn monster count
 F = Spawn count percentage of total count
 G = Total turns spent on level
                    A         B        C        D         E        F      G
               +---------+---------+-------+---------+---------+-------+---------
         Total |       0 |     563 |   0.0 |       0 |      56 |   0.0 |  3868
               +---------+---------+-------+---------+---------+-------+---------
           D:1 |       0 |      36 |   0.0 |       0 |      13 |   0.0 |   803
           D:2 |       0 |      53 |   0.0 |       0 |      14 |   0.0 |   954
           D:3 |       0 |     107 |   0.0 |       0 |      14 |   0.0 |  1277
           D:4 |       0 |     333 |   0.0 |       0 |      14 |   0.0 |   739
           D:5 |       0 |      34 |   0.0 |       0 |       1 |   0.0 |    95
               +---------+---------+-------+---------+---------+-------+---------
